 Dungeon Crawl Stone Soup version 0.29-a0-393-g47a863cc1b (webtiles) character file.

Game seed: 17861801109748240801

816 SkeletonJelly the Slasher (level 7, -7/63 HPs)
             Began as a Green Draconian Monk on May 11, 2022.
             Was an Initiate of Gozag.
             Mangled by an ogre
             ... wielding a +0 giant club
              (25 damage)
             ... on level 5 of the Dungeon.
             The game lasted 00:09:12 (4774 turns).

SkeletonJelly the Slasher (Green Draconian Monk)    Turns: 4774, Time: 00:09:13

Health: -7/63      AC: 11    Str: 15    XL:     7   Next: 62%
Magic:  7/7        EV: 12    Int: 10    God:    Gozag
Gold:   812        SH:  0    Dex: 14    Spells: 6/6 levels left

rFire   . . .      SeeInvis .   a - +0 falchion
rCold   . . .      Faith    .   d - orb {light}
rNeg    . . .      Spirit   .   (body armour unavailable)
rPois   +          Reflect  .   (helmet restricted)
rElec   .          Harm     .   (no cloak)
rCorr   .          Rampage  .   t - +0 pair of gloves
Will    .....                   (no boots)
Stlth   +.........              f - amulet of magic regeneration
HPRegen 0.20/turn               m - +4 ring of protection
MPRegen 0.50/turn               (no ring)

@: gold aura, glowing, studying Air Magic
A: breathe noxious fumes, AC +6, unfitting armour, poison resistance,
cold-blooded
a: Breathe Noxious Fumes, Renounce Religion, Potion Petition, Call Merchant,
Bribe Branch


You were on level 5 of the Dungeon.
You worshipped Gozag.
Gozag was pleased with you.
You visited 1 branch of the dungeon, and saw 5 of its levels.

You collected 812 gold pieces.

Inventory:

Hand Weapons
 a - a +0 falchion (weapon)
Missiles
 l - 2 poisoned darts
 y - 6 javelins
Armour
 d - an orb of light (worn)
 t - a +0 pair of gloves (worn)
 z - a +0 buckler
Jewellery
 f - an amulet of magic regeneration (around neck)
 m - a +4 ring of protection (left hand)
Wands
 A - a wand of digging (8)
Scrolls
 e - 2 scrolls of silence {unknown}
 g - 3 scrolls of immolation {unknown}
 h - a scroll of identify {unknown}
 i - a scroll of teleportation {unknown}
 j - a scroll of summoning
 k - a scroll of torment {unknown}
 o - 2 scrolls of enchant armour {unknown}
 p - 3 scrolls of poison {unknown}
 q - 2 scrolls of noise {unknown}
 s - a scroll of brand weapon {unknown}
 u - a scroll of magic mapping {unknown}
 v - a scroll of blinking {unknown}
Potions
 b - a potion of ambrosia
 c - a potion of brilliance
 n - a potion of flight {unknown}
 r - 2 potions of attraction {unknown}
 w - a potion of curing {unknown}
 x - a potion of might {unknown}


   Skills:
 + Level 6.3 Fighting
 * Level 7.7 Long Blades
 - Level 2.6 Dodging
 - Level 1.7 Stealth


You had 6 spell levels left.
You didn't know any spells.
Your spell library was empty.

Dungeon Overview and Level Annotations

Branches:
Dungeon (5/15)
 Temple: D:4-7

Altars:
Cheibriados
Fedhas
Gozag
Kikubaaqudgha
Qazlal
Ru
Sif Muna
Uskayaw
Vehumet
Xom
The Shining One

Annotations:
D:2 1 runed translucent door, Crazy Yiuf


Innate Abilities, Weirdness & Mutations

You can breathe blasts of noxious fumes.
Your lurid green scales are hard. (AC +6)
You cannot fit into any form of body armour.
Your system is resistant to poisons. (rPois)
You are cold-blooded and may be slowed by cold attacks.


Message History

No target in view!
No target in view!
No target in view!
No target in view!
No target in view!
No target in view!
No target in view!
No target in view!
No target in view!
No target in view!
No target in view!
An orc comes into view. It is wielding a +0 short sword.
An orc is nearby!
An orc is nearby!
An orc is nearby!
An orc is nearby!
An orc is nearby!
Found a scroll labelled QAVUEG MUZIZE.
A howler monkey comes into view.
You see here 10 gold pieces.
The orc throws a stone.
The stone barely misses you.
An ogre comes into view. It is wielding a +0 giant club.
The howler monkey hoots and howls with incredible vigour!
The orc hits you but does no damage.
You hit the howler monkey.
The howler monkey is moderately wounded.
The howler monkey hits you. The orc misses you.
You closely miss the howler monkey. You tail-slap the howler monkey.
The howler monkey is heavily wounded.
The howler monkey hoots and howls with incredible vigour!
The orc hits you with a +0 short sword.
You slash the howler monkey!
The howler monkey is almost dead.
The howler monkey barely misses you. The orc closely misses you.
You hit the howler monkey.
The howler monkey is almost dead.
The howler monkey hoots and howls with incredible vigour!
A scorpion comes into view.
You take 3 damage, and have 55/63 hp.
You hit the howler monkey.
You kill the howler monkey!
The orc hits you but does no damage.
You hit the orc.
The orc is heavily wounded.
The orc hits you but does no damage.
You hit the orc but do no damage.
The orc is heavily wounded.
The ogre hits you with a +0 giant club!!
The orc hits you with a +0 short sword.
You take 25 damage, and have 31/63 hp.
MASSIVE DAMAGE!!
You are too injured to fight recklessly!
You are too injured to fight recklessly!
You are too injured to fight recklessly!
You are too injured to fight recklessly!
You are too injured to fight recklessly!
You are too injured to fight recklessly!
You are too injured to fight recklessly!
You are too injured to fight recklessly!
You are too injured to fight recklessly!
You are too injured to fight recklessly!
You are too injured to fight recklessly!
You are too injured to fight recklessly!
You are too injured to fight recklessly!
You are too injured to fight recklessly!
You are too injured to fight recklessly!
You are too injured to fight recklessly!
You are too injured to fight recklessly!
You are too injured to fight recklessly!
You are too injured to fight recklessly!
You are too injured to fight recklessly!
You are too injured to fight recklessly!
You are too injured to fight recklessly!
You are too injured to fight recklessly!
You are too injured to fight recklessly!
You are too injured to fight recklessly!
You are too injured to fight recklessly!
You are too injured to fight recklessly!
You are too injured to fight recklessly!
You are too injured to fight recklessly!
You are too injured to fight recklessly!
You are too injured to fight recklessly!
You are too injured to fight recklessly!
You are too injured to fight recklessly!
You are too injured to fight recklessly!
You are too injured to fight recklessly!
You are too injured to fight recklessly!
You are too injured to fight recklessly!
You hit the ogre.
The ogre is lightly wounded.
The orc closely misses you. The ogre hits you with a +0 giant club!
* * * LOW HITPOINT WARNING * * *
You take 13 damage, and have 18/63 hp.
MASSIVE DAMAGE!!
You slash the ogre!
The ogre is heavily wounded.
The orc misses you.
You hit the ogre. You tail-slap the ogre.
The ogre is almost dead.
The ogre hits you with a +0 giant club!!
You die...
Your body crumbles into a pile of gold.

#.####.# #..#...####
##### ##....##.... .
##...# #..##.###.##
..###....# ##.###..##.#
......##.###..# ##.##.#
..#..?....#..## ##...#
......s...$$.## #...##
......O@......#####....#
......o................#
#...........##..####.##.
#...........# .)# #.###
.#....<..#..# ..# #.###
.......###..##..# ##.##
##....# ##.##..# #.##
...#.. #......#####.##
#.###...........#..


You could see an ogre, a scorpion and an orc.

Vanquished Creatures
  A black bear (D:4)
  An ogre (D:3)
  A gnoll sergeant (D:3)
  A necrophage (D:4)
  2 howler monkeys (D:5)
  A jelly (D:5)
  2 orc priests
  Jessica (D:2)
  Natasha (thrice) (D:3)
  An orc wizard (D:4)
  Robin (D:4)
  7 gnolls
  3 adders
  An ufetubus (D:4)
  4 worms
  4 dart slugs
  10 orcs
  4 ball pythons
  3 endoplasms
  3 giant cockroaches
  15 goblins
  12 hobgoblins
  4 jackals
  5 quokkas
  3 frilled lizards
  10 kobolds
  2 rats
105 creatures vanquished.

Vanquished Creatures (others)
  A fungus (D:2)
  5 plants (D:1)
6 creatures vanquished.

Grand Total: 111 creatures vanquished

Notes
Turn   | Place    | Note
-------+----------+-------------------------------------------
     0 | D:1      | SkeletonJelly the Draconian Monk began the quest for the
                  | Orb.
     0 | D:1      | Reached XP level 1. HP: 19/19 MP: 1/1
   271 | D:1      | Found a faded altar of an unknown god.
   286 | D:1      | Reached XP level 2. HP: 23/26 MP: 2/2
   286 | D:1      | Prayed at the altar of an unknown god.
   286 | D:1      | Became a worshipper of Gozag Ym Sagoz the Greedy
   903 | D:2      | Found a stormy altar of Qazlal.
  1174 | D:2      | Reached XP level 3. HP: 25/33 MP: 3/3
  1321 | D:2      | Reached skill level 4 in Long Blades
  1531 | D:2      | Noticed Jessica
  1540 | D:2      | Killed Jessica
  1541 | D:2      | Reached XP level 4. HP: 34/40 MP: 4/4
  1888 | D:2      | Found a runed translucent door.
  1889 | D:2      | Noticed Crazy Yiuf
  2107 | D:3      | Found a sacrificial altar of Ru.
  2448 | D:3      | Found a radiant altar of Vehumet.
  2540 | D:3      | Noticed Natasha
  2546 | D:3      | Reached skill level 5 in Long Blades
  2546 | D:3      | Reached XP level 5. HP: 47/47 MP: 5/5
  2554 | D:3      | Killed Natasha
  2730 | D:3      | Found a hide-covered altar of Uskayaw.
  2730 | D:3      | Found a blossoming altar of Fedhas.
  2732 | D:3      | Found a shimmering altar of Xom.
  2769 | D:3      | Reached skill level 5 in Fighting
  3055 | D:3      | Noticed Natasha
  3060 | D:3      | Reached XP level 6. HP: 56/56 MP: 6/6
  3080 | D:3      | Killed Natasha
  3142 | D:3      | Noticed Natasha
  3151 | D:3      | Killed Natasha
  3152 | D:3      | Reached skill level 6 in Long Blades
  3161 | D:3      | Found a stormy altar of Qazlal.
  3163 | D:3      | Found a snail-covered altar of Cheibriados.
  3196 | D:3      | Found a shimmering blue altar of Sif Muna.
  3924 | D:4      | Your scales start taking on a lurid green colour.
  3924 | D:4      | Reached XP level 7. HP: 59/62 MP: 7/7
  3924 | D:4      | Gained mutation: Your system is resistant to poisons.
                  | (rPois) [Green Draconian growth]
  3940 | D:4      | Found an ancient bone altar of Kikubaaqudgha.
  4053 | D:4      | Reached skill level 7 in Long Blades
  4238 | D:4      | Found a glowing golden altar of the Shining One.
  4247 | D:4      | Noticed Robin
  4285 | D:4      | Killed Robin
  4599 | D:5      | Entered Level 5 of the Dungeon
  4774 | D:5      | Mangled by an ogre

Illustrated notes

Levels and vault maps discovered:
D:1:      lemuel_arrival_tunnels, layout_basic,
          dreamdust_ecumenical_altar_statues, serial_bayou_pond_c
D:2:      layout_basic, basic_altar, uniq_crazy_yiuf_cottage, uniq_jessica
D:3:      layout_basic, nicolae_ru_sacrificial_ziggurat, amcnicky_altar_gilded,
          nicolae_overflow_hidden_temple, lemuel_coloured_pillars_altar,
          uniq_natasha
D:4:      layout_gridville, nicolae_kikubaaqudgha_miasma_corner,
          kennysheep_mini, lightli_corner_chamber, uniq_robin
D:5:      kennysheep_kobold_camp, layout_layer_cave, minmay_misc_feat_hallway,
          nicolae_zen_rock_garden, corexii_item_surrounded_by_moat,
          minmay_crystal_water, chequers_garden

Skill      XL: |  1  2  3  4  5  6  7 |
---------------+----------------------+-----
Long Blades    | 4 5 6 7 |  7.7
Fighting       | 4 5 6 |  6.3
Dodging        | |  2.6
Stealth        | |  1.7

Action                   |  1- 3 |  4- 6 |  7- 9 || total
-------------------------+-------+-------+-------++-------
Melee: Falchion          |    84 |   190 |   120 ||   394
       Tailslap          |     9 |    38 |    22 ||    69
 Abil: Breathe Noxious F |       |       |     1 ||     1
  Use: Potion            |       |     1 |       ||     1
 Stab: Sleeping          |     1 |       |       ||     1
       Confused          |       |       |     2 ||     2
Armor: Skin              |    24 |    83 |    47 ||   154
Dodge: Dodged            |    39 |   112 |    76 ||   227

Table legend: (Time is in decaauts)
 A = Elapsed time spent in this place.
 B = Non-inter-level travel time spent in this place.
 C = Inter-level travel time spent in this place.
 D = Time resting spent in this place.
 E = Time spent auto-exploring this place.
 F = Levels seen in this place.
 G = Mean time per level.
                   A        B        C        D        E       F      G
               +--------+--------+--------+--------+--------+-----+--------+
         Total |   4800 |   4572 |    228 |      0 |   3755 |   5 |  960.0 |
       Dungeon |   4800 |   4572 |    228 |      0 |   3755 |   5 |  960.0 |
               +--------+--------+--------+--------+--------+-----+--------+

Top non-repeatable levels by time:
     D:3: 1900 daAuts
     D:2: 1031 daAuts
     D:1: 907 daAuts
     D:4: 788 daAuts
     D:5: 172 daAuts
